 Dungeon Crawl Stone Soup version 0.18-a0-1425-g646b864 (webtiles) character file.

58 Oddball22 the Charlatan (level 3, 0/27 HPs)
             Began as a Demonspawn Artificer on Feb 27, 2016.
             Slain by a goblin (2 damage)
             ... on level 2 of the Dungeon.
             The game lasted 00:03:17 (1990 turns).

Oddball22 the Charlatan (Demonspawn Artificer)      Turns: 1990, Time: 00:03:17

Health: 0/27       AC:  3    Str: 11    XL:     3   Next: 75%
Magic:  5/5        EV: 12    Int: 13    God:
Gold:   66         SH:  0    Dex: 14    Spells: 0 memorised, 2 levels left

rFire  . . .     SeeInvis .     a - +0 short sword
rCold  . . .     Gourm    .     b - +0 leather armour
rNeg   . . .     Faith    .     (no shield)
rPois  .         Spirit   .     (no helmet)
rElec  .         Dismiss  .     (no cloak)
rCorr  .         Reflect  .     (no gloves)
SustAt .         Harm     .     (no boots)
MR     .....                    (no amulet)
Stlth  ++........               (no ring)
                                (no ring)

@: lethally poisoned (0 -> -1), not resistant to hostile enchantments,
unstealthy
A: hooves 1, nightstalker 1
a: no special abilities


You were on level 2 of the Dungeon.
You were hungry.

You visited 1 branch of the dungeon, and saw 2 of its levels.

You collected 66 gold pieces.

Inventory:

Hand Weapons
 a - a +0 short sword (weapon)
Missiles
 j - 17 arrows of dispersal
 k - 10 bolts
Armour
 b - a +0 leather armour (worn)
Wands
 c - a wand of flame (11/48)
 d - a wand of enslavement (15/24)
 e - a wand of random effects (15/48)
Scrolls
 i - a scroll of amnesia {unknown}
 n - a scroll of noise {unknown}
Potions
 h - 4 potions of curing {unknown}
 l - a potion of brilliance {unknown}
 m - a potion of flight {unknown}
Comestibles
 f - a bread ration
 g - 4 chunks of flesh


   Skills:
 * Level 2.1 Fighting
 + Level 1.6 Short Blades
 + Level 1.5 Armour
 + Level 2.1 Dodging
 - Level 0.8 Stealth
 - Level 3.0 Evocations


You had 2 spell levels left.
You didn't know any spells.

Dungeon Overview and Level Annotations

Branches:
Dungeon (2/15)

Altars:


Innate Abilities, Weirdness & Mutations

You have large cloven feet.
You are slightly more attuned to the shadows.


Message History

You barely miss the adder. Your kick misses the adder.
The adder closely misses you.
You hit the adder.
The adder is lightly wounded.
You feel sick. The adder barely misses you. The adder bites you.
* * * LOW HITPOINT WARNING * * *
You hit the adder.
The adder is lightly wounded.
You are feeling hungry.
The adder bites you.
* * * LOW HITPOINT WARNING * * *
The goblin barely misses you.
You hit the adder but do no damage.
The adder is lightly wounded.
The adder closely misses you. The goblin hits you.
* * * LOW HITPOINT WARNING * * *
You miss the adder.
The adder is lightly wounded.
The adder closely misses you. The goblin hits you.
You die...

##..###.# #..# #.####
#..# #....# ######
##..# #....# #....#
.>..# #....# #....#
###.# ##...# #....#
....# #..## #....#
..#######.####..S.#####
..'.............@......
..#######..#####g######
### #......#.#
#....[.#.# #......#.#
#......#'####
#...........#
#...........#
#...........#


You could see an adder and a goblin.

Vanquished Creatures
  Jessica (D:2)
  A worm (D:2)
  2 giant geckos
  A goblin (D:2)
  2 hobgoblins (D:1)
  5 bats
  5 giant newts
  5 kobolds
  8 rats
30 creatures vanquished.

Notes
Turn   | Place    | Note
--------------------------------------------------------------
     0 | D:1      | Oddball22 the Demonspawn Artificer began the quest for the Orb.
     0 | D:1      | Reached XP level 1. HP: 15/15 MP: 3/3
    85 | D:1      | Reached skill level 1 in Short Blades
   559 | D:1      | Gained mutation: You have large cloven feet. [demonic ancestry]
   559 | D:1      | Reached XP level 2. HP: 11/21 MP: 4/4
   987 | D:1      | Reached skill level 1 in Armour
  1631 | D:2      | Noticed Jessica
  1643 | D:2      | Killed Jessica
  1643 | D:2      | Gained mutation: You are slightly more attuned to the shadows. [demonic ancestry]
  1643 | D:2      | Reached XP level 3. HP: 15/27 MP: 5/5
  1990 | D:2      | Slain by a goblin

Vault maps used:
D:1:      minmay_arrival_diagonal_passages
D:2:      fountainhead, uniq_jessica

Skill      XL: |  1  2 |
---------------+-------+-----
Short Blades   | 1 |  1.6
Armour         | 1 |  1.5
Dodging        | 2 |  2.1
Fighting       | 2 |  2.1
Stealth        | |  0.8
Evocations     | |  3.0

Action                   || total
-------------------------++-------
Melee: Short sword       ||   143
Evoke: Wand              ||     4
 Stab: Sleeping          ||     1
  Eat: Chunk             ||     3
